 Dungeon Crawl Stone Soup version 0.31-a0-40-g1d5085d191 (webtiles) character file.

Game seed: 13449491806947348736

90629 pk666 the Eclecticist (level 15, -9/72 HPs)
             Began as a Deep Elf Fire Elementalist on May 17, 2023.
             Was a High Priest of Vehumet.
             Mangled by a snapping turtle (20 damage)
             ... on level 2 of the Shoals.
             The game lasted 02:06:57 (29682 turns).

pk666 the Eclecticist (Deep Elf Fire Elementalist) Turns: 29682, Time: 02:07:01

Health: -9/72      AC:  7    Str:  5    XL:     15   Next: 52%
Magic:  31/38      EV: 20    Int: 28    God:    Vehumet [*****.]
Gold:   732        SH:  0    Dex: 15    Spells: 12/48 levels left

rFire   . . .        S - +2 dagger (venom)
rCold   . . .        (no shield)
rNeg    + . .        O - +2 robe {Archmagi}
rPois   .            r - +2 hat
rElec   .            N - scarf {+Inv}
rCorr   .            Q - +0 pair of gloves
SInv    +            (no boots)
Will    +....        V - amulet "Piexippa" {Acrobat rN+ Regen+}
Stlth   ++           b - ring of flight
HPRegen 1.12/turn    C - ring of see invisible
MPRegen 0.26/turn

%: acrobat, archmagi
@: spiked, flying
A: no striking features
a: Renounce Religion, Evoke Invisibility


You were on level 2 of the Shoals.
You worshipped Vehumet.
Vehumet was extremely pleased with you.
You visited 5 branches of the dungeon, and saw 22 of its levels.

You collected 1887 gold pieces.
You spent 1155 gold pieces at shops.

Inventory:

Hand Weapons
 S - a +2 dagger of venom (weapon)
Missiles
 I - 4 throwing nets
Armour
 r - a +2 hat (worn)
 x - the +1 robe "Buitimar" {rN+ Str+3}
   (You took it off a goblin on level 4 of the Dungeon)

   Str:       It affects your strength (+3).
   rN:        It protects you from negative energy.
 N - a scarf of invisibility (worn)
 O - a +2 robe of the Archmagi (worn)
 Q - a +0 pair of gloves (worn)
 R - the +5 kite shield of Context {rElec Dex+3 SInv}
   (You took it off Donald on level 2 of the Orcish Mines)

   Dex:       It affects your dexterity (+3).
   rElec:     It insulates you from electricity.
   SInv:      It lets you see invisible.
Jewellery
 b - a ring of flight (left hand)
 e - a +5 ring of evasion
 j - a ring of protection from fire
 o - a ring of wizardry
 s - a ring of protection from cold
 z - a ring of ice
 C - a ring of see invisible (right hand)
 V - the amulet "Piexippa" (around neck) {Acrobat rN+ Regen+}
   (You bought it in a shop on level 2 of the Orcish Mines)

   [amulet of the acrobat]

   It increases your evasion while moving and waiting.
   rN:        It protects you from negative energy.
   Regen:     It increases your rate of health regeneration.
Wands
 a - a wand of iceblast (10)
 m - a wand of mindburst (9)
 t - a wand of polymorph (8)
 E - a wand of acid (20)
 H - a wand of flame (44)
 P - a wand of paralysis (10)
Scrolls
 c - a scroll of enchant weapon {unknown}
 d - 15 scrolls of teleportation
 n - 3 scrolls of blinking {unknown}
 q - 5 scrolls of poison
 w - 5 scrolls of fog
 y - 3 scrolls of fear {unknown}
 A - 3 scrolls of amnesia {unknown}
 D - 3 scrolls of magic mapping {unknown}
 T - a scroll of acquirement {unknown}
 U - 2 scrolls of identify
Potions
 f - 4 potions of brilliance
 g - 4 potions of heal wounds
 h - 4 potions of berserk rage
 i - 3 potions of haste
 k - 7 potions of curing
 l - 5 potions of lignification
 p - a potion of mutation {unknown}
 u - 4 potions of resistance
 v - 3 potions of might
 B - 2 potions of degeneration {unknown}
 F - 2 potions of ambrosia {unknown}
 J - 9 potions of flight
 K - 3 potions of invisibility
Miscellaneous
 L - a condenser vane


   Skills:
 + Level 15.9 Dodging
 - Level 2.4 Stealth
 + Level 17.4 Spellcasting
 + Level 15.8 Conjurations
 - Level 5.0 Summonings
 + Level 14.9 Fire Magic
 - Level 4.0 Air Magic
 - Level 4.0 Poison Magic


You had 12 spell levels left.
You knew the following spells:

 Your Spells              Type           Power      Damage    Failure   Level
a - Foxfire               Conj/Fire      100%       2x1d9     0%          1
b - Scorch                Fire           100%       2d9       0%          2
c - Flame Wave            Conj/Fire      100%       2d21      1%          4
d - Mephitic Cloud        Conj/Pois/Air  80%        N/A       1%          3
e - Starburst             Conj/Fire      52%        6d14      1%          6
f - Orb of Destruction    Conj           53%        9d13      1%          7
g - Olgreb's Toxic Radia  Pois           63%        N/A       1%          4
h - Ignite Poison         Fire/Tmut/Pois 74%        N/A       1%          3
z - Plasma Beam           Fire/Air       43%        2x1d62    1%          6

Your spell library contained the following spells:

 Spells                   Type           Power      Damage    Failure   Level
 Ozocubu's Refrigeration  Ice            18%        4d11      97%         7
 Magic Dart               Conj           100%       1d8       0%          1
 Kiss of Death            Conj/Necr      100%       2d13      1%          1
 Sandblast                Erth           72%        2d16      1%          1
 Sting                    Tmut/Pois      100%       1d8       1%          1
 Call Imp                 Summ           100%       N/A       1%          2
 Poisonous Vapours        Pois/Air       100%       N/A       1%          2
 Dazzling Flash           Conj/Hex       100%       N/A       1%          3
 Inner Flame              Hex/Fire       78%        N/A       1%          3
 Stone Arrow              Conj/Erth      100%       3d13      1%          3
 Summon Guardian Golem    Hex/Summ       55%        N/A       1%          3
 Volatile Blastmotes      Fire/Tloc      100%       2d18      1%          3
 Airstrike                Air            31%        2d(5-21)  1%          4
 Iskenderun's Mystic Bla  Conj/Tloc      80%        2d16      1%          4
 Ensorcelled Hibernation  Hex/Ice        72%        N/A       2%          2
 Lesser Beckoning         Tloc           72%        N/A       2%          2
 Passwall                 Tmut/Erth      30%        N/A       2%          2
 Spider Form              Tmut/Pois      52%        N/A       2%          3
 Iron Shot                Conj/Erth      40%        9d8       3%          6
 Confusing Touch          Hex            36%        N/A       5%          3
 Gell's Gravitas          Tloc           36%        N/A       5%          3
 Teleport Other           Tloc           36%        N/A       5%          3
 Spellforged Servitor     Conj/Summ      45%        N/A       6%          7
 Animate Armour           Summ/Erth      100%       N/A       7%          4
 Summon Ice Beast         Ice/Summ       55%        N/A       7%          4
 Anguish                  Hex/Necr       18%        N/A       19%         4
 Dispel Undead            Necr           36%        3d15      19%         4
 Summon Mana Viper        Hex/Summ       55%        N/A       19%         5
 Blade Hands              Tmut           18%        N/A       45%         5
 Monstrous Menagerie      Summ           34%        N/A       90%         7
 Maxwell's Capacitive Co  Air            31%        ∞         99%         8


Dungeon Overview and Level Annotations

Branches:
Dungeon (12/15)            Temple (1/1) D:5            Lair (5/5) D:11
 Shoals (2/4) Lair:2       Spider (0/4) Lair:2        Slime (0/5) Lair:5
    Orc (2/2) D:10            Elf (0/3) Orc:2

Altars:
Ashenzari
Cheibriados
Dithmenos
Elyvilon
Fedhas
Gozag
Hepliaklqana
Kikubaaqudgha
Makhleb
Nemelex Xobeh
Okawaru
Qazlal
Ru
Sif Muna
Trog
Uskayaw
Vehumet
Wu Jian
Xom
Yredelemnul
Zin
The Shining One

Shops:
Orc:1 :*   Orc:2 **[=(   Shoals:1 **

Annotations:
D:7 3 runed translucent doors, bmj180's ghost, novice MfIE
D:11 1 runed translucent door
Lair:4 1 runed translucent door, exclusion: downstairs, Buethreca's ghost, journeyman TeAE


Message History

The flame wave engulfs the skyshark!!
You kill the skyshark!
Vehumet accepts your kill. (Press . to intensify the flame waves.)
The merfolk impaler hits you from afar with a +3 trident!
The snapping turtle is engulfed in a cloud of scalding steam.
The snapping turtle closely misses you.
The manticore flicks its tail.
The volley of spikes hits you!
The barbed spikes become lodged in your body.
* * * LOW HITPOINT WARNING * * *
You feel much better. The merfolk impaler closely misses you.
A faun comes into view. It is wielding a +0 spear.
The merfolk impaler misses you. The snapping turtle misses you.
The merfolk is engulfed in a cloud of scalding steam.
The merfolk throws a boomerang.
The boomerang barely misses you.
The manticore flicks its tail.
The volley of spikes misses you.
The volley of spikes hits the merfolk impaler!
Casting: Flame Wave (safe; 1% risk of failure)
Confirm with . or Enter, or press ? or * to list all spells.
Okay, then.
Unknown command.
You feel much better. The merfolk closely misses you.
The faun unwields a +0 spear.
The faun wields a +0 sling of freezing.
It is covered in frost.
The faun shoots a sling bullet.
The sling bullet hits you! The sling bullet freezes you.
The merfolk impaler closely misses you.
The manticore is engulfed in a cloud of scalding steam.
The merfolk closely misses you.
The snapping turtle bites you from afar!!
The merfolk impaler hits you from afar with a +3 trident!
You feel much better.
The merfolk hits you from afar with a +2 spear of flaming!
The merfolk burns you.
The merfolk impaler hits you from afar with a +3 trident!!
* * * LOW HITPOINT WARNING * * *
The faun shoots a sling bullet.
The sling bullet misses you.
The snapping turtle bites you from afar!!
You die...

>.. ~~.~~~~~~~
.... ...~~~~..
~~... ....~~~..
~~... #....~~#
~~~.c.###....~.##
.~~..~~.......~~?~
....§§....†H.^~~.~
.....~§†††..~~~~..
.~~~..§t†@...~~~~~
..~~~..m....§§~~~~
.~~~~§.mm..§[§~~~~
.~~≈≈§~.<..§.§~~~~
~~≈≈~~~~§~~§~~~~~~
~~~~~~..§~§=~~~~~~
~~~~~...§~$..~~~~~
~~~~..#.....~~~~~~
.~~~~###)....~~~~~


You could see a merfolk impaler (skewered), a snapping turtle, 2 merfolk, a faun
and a manticore.

Vanquished Creatures
  Rupert (D:12)
  Donald (Orc:2)
  An orc warlord (Orc:2)
  Azrael (D:12)
  A merfolk impaler (Shoals:1)
  Josephine (Lair:5)
  Fannar (D:10)
  A hydra (Lair:2)
  A merfolk avatar (Shoals:1)
  A catoblepas (Lair:3)
  5 two-headed ogres
  Urug (Orc:2)
  5 orc high priests
  Sonja (Lair:2)
  2 sea snakes (Shoals:1)
  4 skysharks
  A deep elf pyromancer (D:12)
  18 harpies
  4 orc knights (Orc:2)
  3 oklob plants (Lair:5)
  7 orc sorcerers
  4 manticores (Shoals:1)
  2 merfolk sirens (Shoals:1)
  4 fauns (Shoals:1)
  4 cyclopes
  7 elephants
  A water nymph (Shoals:1)
  Maurice (Orc:2)
  2 torpor snails
  3 cane toads
  A gargoyle (D:12)
  A rime drake (Lair:1)
  3 unseen horrors (D:11)
  Maggie (D:9)
  3 komodo dragons (Lair:5)
  4 merfolk
  2 trolls
  2 wind drakes (Shoals:1)
  4 hornets (Lair:5)
  3 polar bears
  5 blink frogs (Lair:2)
  5 dream sheep
  2 snapping turtles (Shoals:1)
  A slime creature (D:12)
  A shadow (D:11)
  14 spriggans (Lair:5)
  8 wyverns
  A water elemental (D:12)
  A fire elemental (D:12)
  6 wraiths
  56 yaks
  3 basilisks
  3 acid dragons
  A warg (Orc:2)
  5 hell hounds
  8 water moccasins
  An ice beast (D:6)
  7 black bears
  45 orc warriors
  An ogre (Orc:1)
  4 boggarts (Lair:5)
  39 wolves
  5 centaurs
  A phantom (D:6)
  A kobold brigand (D:8)
  6 bullfrogs
  4 gnoll sergeants
  10 wights
  6 scorpions
  7 killer bees (D:9)
  5 howler monkeys
  7 electric eels
  7 hounds
  5 jellies
  25 orc priests
  A gnoll bouda (D:9)
  2 iguanas
  48 orc wizards
  21 gnolls
  7 adders
  2 shadow imps
  2 white imps
  3 worms
  2 dart slugs (D:3)
  95 orcs
  9 bats
  6 endoplasms
  4 giant cockroaches
  8 goblins
  6 hobgoblins
  3 jackals (D:1)
  10 kobolds
  5 quokkas
  6 ball pythons
  A frilled lizard (D:2)
  9 rats
669 creatures vanquished.

Vanquished Creatures (others)
  A phantom (D:5)
  396 foxfires
397 creatures vanquished.

Grand Total: 1066 creatures vanquished

Notes
Turn   | Place    | Note
-------+----------+-------------------------------------------
     0 | D:1      | pk666 the Deep Elf Fire Elementalist began the quest for
                  | the Orb.
     0 | D:1      | Reached XP level 1. HP: 10/10 MP: 6/6
   252 | D:1      | Reached XP level 2. HP: 15/15 MP: 6/8
   286 | D:1      | Learned a level 2 spell: Scorch
   895 | D:1      | Reached XP level 3. HP: 19/19 MP: 8/10
  1544 | D:2      | Found a faded altar of an unknown god.
  1552 | D:2      | Prayed at the altar of an unknown god.
  1552 | D:2      | Became a worshipper of Vehumet
  1552 | D:2      | Reached * piety under Vehumet
  1552 | D:2      | Offered knowledge of Kiss of Death by Vehumet.
  2213 | D:3      | Reached XP level 4. HP: 24/24 MP: 8/11
  2250 | D:3      | Reached skill level 4 in Spellcasting
  2518 | D:3      | Learned a level 4 spell: Flame Wave
  2522 | D:3      | Learned a level 3 spell: Mephitic Cloud
  2862 | D:4      | Reached ** piety under Vehumet
  2862 | D:4      | Offered knowledge of Sandblast by Vehumet.
  2965 | D:4      | Noticed a gnoll sergeant
  3070 | D:4      | Reached XP level 5. HP: 28/28 MP: 11/13
  3200 | D:4      | Identified the +1 robe "Buitimar" {rN+ Str+3}
  3231 | D:4      | Found a sparkling altar of Nemelex Xobeh.
  3231 | D:4      | Found a hazy altar of Hepliaklqana.
  3458 | D:4      | Reached XP level 6. HP: 13/32 MP: 10/15
  3663 | D:4      | Reached skill level 5 in Spellcasting
  3982 | D:5      | Entered Level 5 of the Dungeon
  4155 | D:5      | Reached skill level 5 in Fire Magic
  4334 | D:5      | Offered knowledge of Momentum Strike by Vehumet.
  4335 | D:5      | Reached XP level 7. HP: 35/36 MP: 9/17
  4554 | D:5      | Reached skill level 5 in Conjurations
  4596 | D:5      | Found a glowing golden altar of the Shining One.
  4719 | D:5      | Found a staircase to the Ecumenical Temple.
  4728 | Temple   | Entered the Ecumenical Temple
  5053 | D:6      | Reached skill level 5 in Dodging
  5059 | D:6      | Reached skill level 1 in Poison Magic
  5191 | D:6      | Reached skill level 6 in Spellcasting
  5241 | D:6      | Reached XP level 8. HP: 41/41 MP: 12/19
  6141 | D:7      | Reached skill level 7 in Spellcasting
  6435 | D:7      | Reached *** piety under Vehumet
  6615 | D:7      | Found a runed translucent gate.
  6616 | D:7      | Found a runed translucent gate.
  6617 | D:7      | Found a runed translucent gate.
  6617 | D:7      | Noticed bmj180's ghost (novice MfIE)
  6749 | D:7      | Reached XP level 9. HP: 45/45 MP: 10/22
  6776 | D:6      | Offered knowledge of Olgreb's Toxic Radiance by Vehumet.
  6870 | D:6      | Learned a level 6 spell: Starburst
  6878 | D:6      | Learned a level 7 spell: Orb of Destruction
  7257 | D:8      | Reached skill level 8 in Spellcasting
  7432 | D:8      | Noticed a two-headed ogre
  7463 | D:8      | Killed a two-headed ogre
  7464 | D:8      | Reached skill level 9 in Spellcasting
  7848 | D:8      | Reached XP level 10. HP: 50/50 MP: 15/25
  8064 | D:8      | Learned a level 4 spell: Olgreb's Toxic Radiance
  8151 | D:8      | Found a hide-covered altar of Uskayaw.
  8153 | D:8      | Found an iron altar of Okawaru.
  8251 | D:8      | Reached **** piety under Vehumet
  8648 | D:8      | Found an ancient bone altar of Kikubaaqudgha.
  8755 | D:9      | Reached skill level 10 in Conjurations
  8809 | D:9      | You fall into a shaft and drop 3 floors!
  9139 | D:12     | Noticed a cyclops
  9234 | D:12     | Got Taufen's Discursus on the Cankerous Atmosphere
  9262 | D:12     | Reached skill level 10 in Dodging
  9262 | D:12     | Reached skill level 11 in Spellcasting
  9262 | D:12     | Reached XP level 11. HP: 54/54 MP: 25/28
  9263 | D:12     | Reached skill level 12 in Spellcasting
  9263 | D:12     | Reached skill level 10 in Fire Magic
  9263 | D:12     | Reached XP level 12. HP: 59/59 MP: 25/30
  9293 | D:12     | Offered knowledge of Ignite Poison by Vehumet.
  9299 | D:12     | Learned a level 3 spell: Ignite Poison
  9395 | D:12     | Noticed Azrael
  9663 | D:11     | Noticed a two-headed ogre
  9750 | D:11     | Noticed a two-headed ogre
  9754 | D:11     | Killed a two-headed ogre
  9760 | D:11     | Killed a two-headed ogre
 10141 | D:10     | Entered Level 10 of the Dungeon
 10165 | D:10     | Noticed Fannar
 10170 | D:10     | Killed Fannar
 10211 | D:10     | Reached skill level 13 in Spellcasting
 10222 | D:10     | Reached ***** piety under Vehumet
 10222 | D:10     | Offered knowledge of Plasma Beam by Vehumet.
 10311 | D:10     | Learned a level 6 spell: Plasma Beam
 10551 | D:10     | Found a staircase to the Orcish Mines.
 10772 | D:10     | Noticed a two-headed ogre
 10781 | D:10     | Killed a two-headed ogre
 11803 | D:9      | Noticed Maggie
 11809 | D:9      | Killed Maggie
 12036 | D:9      | Reached skill level 1 in Air Magic
 12981 | D:10     | Found a broken altar of Ashenzari.
 12981 | D:10     | Found a shimmering altar of Xom.
 13637 | D:11     | Found a staircase to the Lair.
 13691 | D:11     | Found a runed translucent door.
 13922 | D:11     | Noticed a boulder beetle
 13923 | D:11     | Noticed a two-headed ogre
 13971 | Lair:1   | Entered Level 1 of the Lair of Beasts
 13987 | Lair:1   | Reached XP level 13. HP: 63/63 MP: 9/32
 15237 | Lair:2   | Noticed Sonja
 15241 | Lair:2   | Killed Sonja
 15326 | Lair:2   | Found a hole to the Spider Nest.
 15361 | Lair:2   | Reached skill level 14 in Spellcasting
 15362 | Lair:2   | Found a staircase to the Shoals.
 17764 | Lair:4   | Offered knowledge of Lee's Rapid Deconstruction by Vehumet.
 18114 | Lair:4   | Found a runed translucent door.
 18140 | Lair:4   | Noticed Buethreca's ghost (journeyman TeAE)
 18816 | Lair:5   | Entered Level 5 of the Lair of Beasts
 19360 | Lair:5   | Reached skill level 15 in Spellcasting
 19473 | Lair:5   | Found a staircase to the Slime Pits.
 20207 | Lair:5   | Noticed Josephine
 20357 | Lair:5   | Killed Josephine
 20358 | Lair:5   | Reached XP level 14. HP: 53/68 MP: 19/35
 22993 | D:12     | Noticed Rupert
 23005 | D:12     | Killed Rupert
 23360 | D:12     | Killed Azrael
 23748 | Orc:1    | Entered Level 1 of the Orcish Mines
 23771 | Orc:1    | Found a shimmering altar of Xom.
 23862 | Orc:1    | Paralysed by an orc sorcerer for 5 turns
 23870 | Orc:1    | Offered knowledge of Fireball by Vehumet.
 23872 | Orc:1    | Reached skill level 16 in Spellcasting
 23986 | Orc:1    | Found Paoreapp's Vocational Training.
 24029 | Orc:1    | Found Ymibogua's Assorted Antiques.
 24592 | Orc:2    | Entered Level 2 of the Orcish Mines
 24669 | Orc:2    | Noticed Maurice
 24673 | Orc:2    | Killed Maurice
 25289 | Orc:2    | Reached skill level 15 in Conjurations
 25472 | Orc:2    | Noticed Urug
 25483 | Orc:2    | Killed Urug
 25485 | Orc:2    | Found Srikhliti's Superlative Supplies.
 25618 | Orc:2    | Reached skill level 15 in Dodging
 25814 | Orc:2    | Noticed an orc warlord
 26173 | Orc:2    | Killed an orc warlord
 26843 | Orc:2    | Offered knowledge of Ozocubu's Refrigeration by Vehumet.
 27155 | Orc:2    | Found a staircase to the Elven Halls.
 27317 | Orc:2    | Found a shimmering blue altar of Sif Muna.
 27438 | Orc:2    | Identified the +5 kite shield of Context {rElec Dex+3 SInv}
 27438 | Orc:2    | Noticed Donald
 27445 | Orc:2    | Killed Donald
 27674 | Orc:2    | Found Ciwyxuur's General Store.
 27675 | Orc:2    | Found Conoip's Jewellery Shoppe.
 27677 | Orc:2    | Found Beal's Antique Armour Shoppe.
 27677 | Orc:2    | Found Lozaineha's Antique Weapon Emporium.
 27693 | Orc:2    | Bought a scroll of identify for 34 gold pieces
 27694 | Orc:2    | Bought the amulet "Piexippa" {Acrobat rN+ Regen+} for 659
                  | gold pieces
 27862 | Orc:2    | Bought a ring of flight for 297 gold pieces
 27897 | Orc:2    | Bought a ring of see invisible for 165 gold pieces
 28033 | Shoals:1 | Entered Level 1 of the Shoals
 28033 | Shoals:1 | Found Vilirian's Overcharged Wands.
 28038 | Shoals:1 | Reached XP level 15. HP: 65/72 MP: 19/37
 28041 | Shoals:1 | Reached skill level 1 in Summonings
 28478 | Shoals:1 | Reached skill level 17 in Spellcasting
 28680 | Shoals:1 | Found Elakonli's General Store.
 29532 | Shoals:2 | Reached skill level 5 in Summonings
 29682 | Shoals:2 | Mangled by a snapping turtle

Illustrated notes

Levels and vault maps discovered:
D:1:      noname_arrival_rooms_in_the_neighbourhood, layout_basic
D:2:      layout_loops_ring, basic_ecumenical_altar
D:3:      layout_rooms, grunt_decor_fettered
D:4:      layout_loops_ring, jmf_multi_god_temple
D:5:      layout_rooms, tso_altar, lemuel_temple_firewalk_a
D:6:      layout_basic
D:7:      layout_basic, ebering_ghost_rock_garden
D:8:      layout_basic, nicolae_overflow_hidden_temple, interstate_on_off,
          patterned_corridor
D:9:      layout_gridville, kennysheep_donut, uniq_maggie
D:10:     layout_loops_corners, nicolae_overflow_two_pavilions, david_orc_4,
          enter_bailey_4, minmay_curled_crystal, small_statue_intersection,
          minmay_rotating_lava, uniq_fannar
D:11:     layout_basic, grunt_lair_entry_orc_guard_hut, dk_noncrumbling_3,
          lightli_airlock
D:12:     layout_stronghold, kennysheep_generic_room_16, uniq_azrael,
          uniq_rupert
Temple:   minmay_temple_curvy_branch
Lair:1:   layout_cave_pods
Lair:2:   layout_regular_city, elwin_shoals_entry_rocks, dummy_spider_entry,
          minmay_stone_trees_medium, uniq_sonja
Lair:3:   layout_roguey, wad_woods_river_01, serial_bayou_shore_a,
          infiniplex_staircase_pool_2
Lair:4:   layout_gridlike, ebering_ghost_inner_flame, lemuel_fruit_tree
Lair:5:   minmay_lair_end_enchanted_forest, layout_long_grid,
          minmay_slime_entry_oklob_open, uniq_josephine
Shoals:1: layout_shoals, serial_shops, shop, nicolae_shop_overcharged_wands
Shoals:2: layout_shoals
Orc:1:    layout_diamond_mine, basic_altar, serial_shops, shop,
          nicolae_shop_vocational
Orc:2:    st_orc_congregation, layout_caves, nicolae_alphabet_shops,
          led_sif_book, uniq_donald, uniq_urug, uniq_maurice

Skill      XL: |  1  2  3  4  5  6  7  8  9 10 11 12 13 14 15 |
---------------+----------------------------------------------+-----
Dodging        | 3 4 5 6 8 10 11 12 13 15 | 15.9
Conjurations   | 2 3 4 5 7 9 11 12 13 14 15 | 15.8
Fire Magic     | 4 5 6 7 9 10 11 13 14 | 14.9
Spellcasting   | 4 5 6 7 9 11 12 13 15 16 17 | 17.4
Poison Magic   | 2 4 |  4.0
Air Magic      | 3 4 |  4.0
Summonings     | 5 |  5.0
Stealth        | |  2.4

Action                     |  1- 3 |  4- 6 |  7- 9 | 10-12 | 13-15 || total
---------------------------+-------+-------+-------+-------+-------++-------
  Melee: Dagger            |       |       |       |     1 |     5 ||     6
   Cast: Foxfire           |    89 |    78 |    57 |    23 |     3 ||   250
         Scorch            |     8 |    32 |    64 |    45 |     4 ||   153
         Flame Wave        |       |     1 |     4 |       |    11 ||    16
         Mephitic Cloud    |       |       |    18 |    24 |    21 ||    63
         Starburst         |       |       |     6 |    24 |    30 ||    60
         Olgreb's Toxic Ra |       |       |       |    53 |   156 ||   209
         Ignite Poison     |       |       |       |    36 |   149 ||   185
         Orb of Destructio |       |       |       |    13 |    94 ||   107
         Plasma Beam       |       |       |       |     3 |    89 ||    92
  Evoke: Wand              |       |       |       |       |     3 ||     3
    Use: Scroll            |       |     6 |       |     6 |     8 ||    20
         Potion            |       |       |     1 |     2 |     7 ||    10
 Armour: Robe              |     1 |     1 |     6 |     3 |    17 ||    28
  Dodge: Dodged            |     9 |    16 |    25 |    26 |   214 ||   290

Table legend: (Time is in decaauts)
 A = Elapsed time spent in this place.
 B = Non-inter-level travel time spent in this place.
 C = Inter-level travel time spent in this place.
 D = Time resting spent in this place.
 E = Time spent auto-exploring this place.
 F = Levels seen in this place.
 G = Mean time per level.
                   A        B        C        D        E       F      G
               +--------+--------+--------+--------+--------+-----+--------+
         Total |  29745 |  28357 |   1388 |  11582 |  11681 |  22 | 1352.0 |
       Dungeon |  14780 |  13971 |    809 |   4140 |   6838 |  12 | 1231.7 |
        Temple |    251 |    247 |      4 |      0 |    244 |   1 |  251.0 |
          Lair |   9007 |   8667 |    340 |   4339 |   3243 |   5 | 1801.4 |
        Shoals |   1533 |   1514 |     19 |    595 |    668 |   2 |  766.5 |
  Orcish Mines |   4173 |   3958 |    215 |   2508 |    687 |   2 | 2086.5 |
               +--------+--------+--------+--------+--------+-----+--------+

Top non-repeatable levels by time:
  Lair:5: 2709 daAuts
  Lair:4: 2403 daAuts
   Orc:2: 2227 daAuts
   Orc:1: 1945 daAuts
    D:10: 1784 daAuts
    D:12: 1760 daAuts
     D:9: 1687 daAuts
  Lair:3: 1505 daAuts
     D:8: 1454 daAuts
Shoals:1: 1379 daAuts
     D:1: 1355 daAuts
  Lair:1: 1257 daAuts
    D:11: 1150 daAuts
  Lair:2: 1131 daAuts
     D:4: 1098 daAuts
